 Dungeon Crawl Stone Soup version 0.17-a0-2215-g49c1de0 (webtiles) character file.

231 4thArraOfDagon the Poker (level 6, 0/51 HPs)
             Began as a Merfolk Wanderer on Oct 27, 2015.
             Was an Initiate of Cheibriados.
             Slain by an ogre
             ... wielding a +0 giant club
              (19 damage)
             ... on level 6 of the Dungeon.
             The game lasted 00:05:47 (1164 turns).

4thArraOfDagon the Poker (Merfolk Wanderer)         Turns: 1164, Time: 00:05:48

Health: 0/51       AC:  2    Str: 13    XL:     6   Next: 3%
Magic:  6/6        EV: 13    Int: 12    God:    Cheibriados [......]
Gold:   76         SH:  0    Dex: 22    Spells: 0 memorised, 5 levels left

rFire  + . .     SeeInvis .     a - +2 spear
rCold  + . .     Clarity  .     l - +0 ring mail
rNeg   . . .     SustAt   .     (no shield)
rPois  +         Gourm    .     (no helmet)
rElec  +         Spirit   .     m - +0 cloak (curse)
rCorr  +         Warding  .     (no gloves)
rMut   .         Stasis   .     (no boots)
MR     .....                    q - amulet of regeneration
Stlth  +.........               (no ring)
                                p - +5 ring of dexterity

@: resistant, corroded equipment, very slow, not resistant to hostile
enchantments, very unstealthy
A: change form in water, swift swim
a: Bend Time, Renounce Religion


You were on level 6 of the Dungeon.
You worshipped Cheibriados.
Cheibriados was noncommittal.
You were not hungry.

You visited 1 branch of the dungeon, and saw 6 of its levels.

You collected 76 gold pieces.

Inventory:

Hand Weapons
 a - a +2 spear (weapon)
 g - a +2 whip of venom
Armour
 l - a +0 ring mail (worn)
 m - a cursed +0 cloak (worn)
Jewellery
 p - a +5 ring of dexterity (left hand)
 q - an amulet of regeneration (around neck)
Wands
 c - a wand of draining (0)
Scrolls
 e - a scroll of amnesia {unknown}
 h - a scroll of identify {unknown}
 k - 3 scrolls of remove curse {unknown}
 n - a scroll of recharging {unknown}
 o - a scroll of noise {unknown}
Potions
 j - a potion of cancellation
Comestibles
 d - 3 bread rations
 f - 2 meat rations
 i - a beef jerky
 r - 2 chunks of flesh
 s - a slice of pizza


   Skills:
 + Level 5.1 Fighting
 - Level 1.0 Maces & Flails
 * Level 5.8 Polearms
 - Level 1.0 Throwing
 + Level 2.2 Armour
 + Level 3.2 Dodging
   Level 1.0 Shields


You had 5 spell levels left.
You didn't know any spells.

Dungeon Overview and Level Annotations

Branches:
Dungeon (6/15)
 Temple: D:4-7

Altars:
Cheibriados
Okawaru
Trog


Message History

The orc wizard casts a cantrip, but nothing happens.
The ogre hits you with a giant club!
* * * LOW HITPOINT WARNING * * *
An orc comes into view. It is wielding a mace.
The orc shouts!
An orc comes into view.
Drink which item? (? for menu, Esc to quit)
You feel better.
The orc wizard mumbles some strange words.
The orc wizard seems to speed up.
The orc priest casts a cantrip, but nothing happens.
Unknown command.
Read which item? (? for menu, Esc to quit)
Okay, then.
Drink which item? (? for menu, Esc to quit)
It was a potion of resistance.
You feel protected.
The orc wizard points at you and mumbles some strange words.
The puff of frost hits you! You resist. The ogre hits you with a giant club!!
You die...

.# #....... #.#
###.#.#..## #.#
.......... ..##
......o..) ...
##.......# #.#
..!...>o.######.###
#......oo@OO.5...####.
#.....o#####........
#...<.....S.......##
#............#.#.##.#
#.#####......#.#.##.#
# #..###?.!.....).
.....# #.....##.##
......# #..#..#
..####.$ .........


You could see 2 ogres, 2 orc priests, an orc wizard, a crimson imp and 2 orcs.

Vanquished Creatures
  2 jellies
  A giant frog skeleton (D:5)
  2 orc wizards (D:5)
  A hound zombie (D:5)
  A mummy (D:5)
  A worker ant zombie (D:5)
  2 adders
  2 worms
  8 orcs
  5 bats
  2 goblins
  A ball python (D:2)
  A giant gecko (D:1)
  3 giant newts
  2 rats (D:1)
34 creatures vanquished.

Notes
Turn   | Place    | Note
--------------------------------------------------------------
     0 | D:1      | 4thArraOfDagon the Merfolk Wanderer began the quest for the Orb.
     0 | D:1      | 4thArraOfDagon set off with: a +2 spear, 2 potions of curing, a +0 robe, a bread ration
     0 | D:1      | Reached XP level 1. HP: 20/20 MP: 1/1
   149 | D:2      | Found an iron altar of Okawaru.
   198 | D:1      | Reached XP level 2. HP: 26/26 MP: 2/2
   231 | D:1      | Reached skill level 1 in Dodging
   433 | D:4      | Found a bloodstained altar of Trog.
   574 | D:5      | Entered Level 5 of the Dungeon
   608 | D:5      | Found a snail-covered altar of Cheibriados.
   628 | D:5      | Reached XP level 3. HP: 20/31 MP: 3/3
   637 | D:5      | Became a worshipper of Cheibriados the Contemplative
   638 | D:5      | :(
   847 | D:5      | Reached XP level 4. HP: 38/38 MP: 4/4
   987 | D:5      | wasted
  1017 | D:5      | Reached skill level 5 in Polearms
  1017 | D:5      | Reached XP level 5. HP: 39/43 MP: 5/5
  1121 | D:5      | Reached skill level 5 in Fighting
  1146 | D:6      | Noticed an ogre
  1150 | D:6      | Noticed an ogre
  1158 | D:6      | Reached XP level 6. HP: 33/51 MP: 6/6
  1164 | D:6      | Slain by an ogre

Vault maps used:
D:1:      dpeg_arrival_round_b, columned_hall_lemuel, solitary_fountain
D:2:      overflow_temple_1_default, minivault_25
D:3:      minmay_rats_cheesy_pizza, uniq_terence
D:4:      old_standard_altar, first_bread, nicolae_ossuary_entry_catacombs
D:5:      slow_altar_1, overflow_temple_1_default, minmay_temple_entry_poolview,
          hex_large, uniq_menkaure
D:6:      kiku_gazebo_pond_becter, minmay_three_doors

Action                   |  1- 3 |  4- 6 || total
-------------------------+-------+-------++-------
Melee: Spear             |    76 |    56 ||   132
Throw: Throwing net      |     2 |       ||     2
Evoke: Wand              |       |     3 ||     3
  Use: Scroll            |     1 |       ||     1
       Potion            |       |     6 ||     6
 Stab: Sleeping          |     5 |       ||     5
       Held in net/web   |     1 |       ||     1
  Eat: Chunk             |       |     1 ||     1
